 Dungeon Crawl Stone Soup version 0.30-a0-374-g95c0257040 (webtiles) character file.

Game seed: 17488110526024557206

43 Zonian the Magician (level 3, 0/25 HPs)
             Began as a Djinni Ice Elementalist on Nov 25, 2022.
             Slain by a quokka (2 damage)
             ... on level 3 of the Dungeon.
             The game lasted 00:03:38 (2363 turns).

Zonian the Magician (Djinni Ice Elementalist)       Turns: 2363, Time: 00:03:39

Health: 0/25       AC:  2    Str:  7    XL:     3   Next: 82%
Gold:   200        EV: 12    Int: 24    God:
                   SH:  0    Dex: 13

rFire   + + .      SeeInvis .    g - +0 dagger
rCold   x . .      Faith    .    (no shield)
rNeg    . . .      Spirit   .    a - +0 robe
rPois   ∞          Reflect  .    (no helmet)
rElec   .          Harm     .    (no cloak)
rCorr   .          Rampage  .    (no gloves)
Will    .....                    (boots unavailable)
Stlth   ++........               (no amulet)
HPRegen 0.24/turn                e - +6 ring of intelligence
MPRegen 0.00/turn                (no ring)

@: attractive, flying
A: sickness immunity, fire resistance 2, cold vulnerability 1, float, innate
caster, HP casting, extra vitality 1
a: no special abilities


You were on level 3 of the Dungeon.
You visited 1 branch of the dungeon, and saw 3 of its levels.

You collected 200 gold pieces.

Inventory:

Hand Weapons
 g - a +0 dagger (weapon)
 p - a +0 short sword
Armour
 a - a +0 robe (worn)
 i - an orb of light
Jewellery
 e - a +6 ring of intelligence (left hand)
Scrolls
 h - a scroll of vulnerability {unknown}
 j - a scroll of enchant weapon {unknown}
 q - a scroll of acquirement {unknown}
 r - a scroll of immolation {unknown}
Potions
 b - 2 potions of attraction
 c - a potion of curing {unknown}
 d - a potion of cancellation {unknown}
 f - 3 potions of lignification {unknown}
 k - 2 potions of brilliance {unknown}
 l - 2 potions of mutation {unknown}
 m - a potion of haste {unknown}
 n - a potion of invisibility {unknown}
 o - a potion of magic {unknown}


   Skills:
 - Level 2.3 Dodging
 - Level 1.6 Stealth
 + Level 4.1 Spellcasting


You couldn't memorise any spells.
You knew the following spells:

 Your Spells              Type           Power      Damage    Failure   Level
a - Freeze                Ice            96%        1d10      1%          1
b - Frozen Ramparts       Ice            48%        1d8       5%          3
c - Ozocubu's Armour      Ice            24%        N/A       5%          3
d - Summon Ice Beast      Ice/Summ       24%        N/A       19%         4
e - Foxfire               Conj/Fire      96%        2x1d8     1%          1
Your spell library was empty.

Dungeon Overview and Level Annotations

Branches:
Dungeon (3/15)

Altars:

Portals:
Sewer: D:3

Annotations:
D:3 Robin


Innate Abilities, Weirdness & Mutations

You are immune to sickness and miasma.
You are immune to poison.
Your flesh is very heat resistant. (rF++)
You are vulnerable to cold. (rC-)
You float through the air rather than walking.
You learn spells naturally, not from books.
Your magical power is your life essence.
You have superior vitality. (+4 MHP)


Message History

Robin roars a battlecry!
The goblins go into a battle-frenzy!
A hobgoblin comes into view.
The goblin moves out of view.
A goblin and a hobgoblin come into view.
The goblin is wielding a +0 dagger of protection.
The hobgoblin shouts!
A giant cockroach comes into view.
The goblin attacks as you move away!
The goblin hits you with a +0 dagger. 2 quokkas come into view.
The giant cockroach splashes around in the water.
The giant cockroach closely misses you.
A giant cockroach comes into view.
The giant cockroach bites you. The goblin attacks as you move away!
The goblin hits you with a +0 dagger. The goblin attacks as you move away!
The goblin closely misses you.
The giant cockroach bites you but does no damage.
Robin points. "Kill!"
Robin throws the goblin at you!
You completely miss the quokka. The quokka misses you.
The giant cockroach barely misses you. The goblin hits you but does no damage.
You barely miss the quokka. The quokka bites you.
The giant cockroach bites you but does no damage.
The quokka bites you. The quokka misses you.
The goblin splashes around in the water.
Unknown command.
You barely miss the quokka. The giant cockroach bites you.
The quokka closely misses you. The quokka bites you.
* * * LOW HITPOINT WARNING * * *
Robin throws the goblin at you!
* * * LOW HITPOINT WARNING * * *
The goblin splashes around in the water.
Unknown command.
It was a potion of attraction.
You feel attractive to monsters. The goblin misses you.
The giant cockroach bites you.
* * * LOW HITPOINT WARNING * * *
The quokka splashes around in the water.
The quokka bites you.
You die...

## ### ##.. #<#
..... #.#
......#.###########
...).....Bggg~~~~~.
......gg.gB@rB~~~~.
....gg##.gggr~~~~~.
...... ############
...gg. ...g.


.ggg. .... You could see Robin, 2 quokkas, 3 giant cockroaches, 2 hobgoblins and
8 goblins.

Vanquished Creatures
  A worm (D:2)
  A dart slug (D:2)
  5 bats
  3 endoplasms
  A giant cockroach (D:2)
  5 goblins
  6 hobgoblins
  2 quokkas
  A ball python (D:2)
  4 frilled lizards
  3 kobolds
  3 rats
35 creatures vanquished.

Vanquished Creatures (others)
  15 foxfires (D:2)
15 creatures vanquished.

Grand Total: 50 creatures vanquished

Notes
Turn   | Place    | Note
-------+----------+-------------------------------------------
     0 | D:1      | Zonian the Djinni Ice Elementalist began the quest for the
                  | Orb.
     0 | D:1      | Zonian set off with the following spells memorised: Freeze,
                  | Frozen Ramparts, Ozocubu's Armour, Summon Ice Beast.
     0 | D:1      | Reached XP level 1. HP: 15/15 MP: 0/0
   621 | D:1      | Reached XP level 2. HP: 20/21 MP: 0/0
  1142 | D:1      | Reached XP level 3. HP: 16/25 MP: 0/0
  1142 | D:1      | Learned a level 1 spell: Foxfire
  1785 | D:2      | Reached skill level 4 in Spellcasting
  1858 | D:2      | Found a faded altar of an unknown god.
  2353 | D:3      | Noticed Robin
  2354 | D:3      | Found a glowing drain.
  2363 | D:3      | Slain by a quokka

Illustrated notes

Levels and vault maps discovered:
D:1:      psy_arrival_radial01, layout_loops_ring
D:2:      layout_loops_ring, shapermc_ecumenical_altar_pompeii
D:3:      layout_rooms, grunt_temple_overflow_cloverleaf, portal_sewer_entry_f,
          uniq_robin

Skill      XL: |  1  2  3 |
---------------+----------+-----
Spellcasting   | 4 |  4.1
Dodging        | |  2.3
Stealth        | |  1.6

Action                   || total
-------------------------++-------
Melee: Dagger            ||    19
       Unarmed           ||     2
 Cast: Freeze            ||    44
       Foxfire           ||    11
  Use: Potion            ||     1
Armor: Robe              ||    10
Dodge: Dodged            ||    31

Table legend: (Time is in decaauts)
 A = Elapsed time spent in this place.
 B = Non-inter-level travel time spent in this place.
 C = Inter-level travel time spent in this place.
 D = Time resting spent in this place.
 E = Time spent auto-exploring this place.
 F = Levels seen in this place.
 G = Mean time per level.
                   A        B        C        D        E       F      G
               +--------+--------+--------+--------+--------+-----+--------+
         Total |   2361 |   2311 |     50 |    725 |   1266 |   3 |  787.0 |
       Dungeon |   2361 |   2311 |     50 |    725 |   1266 |   3 |  787.0 |
               +--------+--------+--------+--------+--------+-----+--------+

Top non-repeatable levels by time:
     D:1: 1481 daAuts
     D:2: 867 daAuts
     D:3: 12 daAuts
